 Dungeon Crawl Stone Soup version 0.28.0 (webtiles) character file.

Game seed: 12684525542453670783

63 Lathuz the Digger (level 4, -2/24 HPs)
             Began as a Gargoyle Earth Elementalist on Feb 9, 2022.
             Slain by Terence (4 damage)
             ... on level 3 of the Dungeon.
             The game lasted 00:04:53 (2710 turns).

Lathuz the Digger (Gargoyle Earth Elementalist)     Turns: 2710, Time: 00:04:54

Health: -2/24      AC:  6    Str: 11    XL:     4   Next: 10%
Magic:  1/9        EV: 11    Int: 18    God:
Gold:   89         SH:  0    Dex: 10    Spells: 5/9 levels left

rFire   . . .      SeeInvis .   f - staff of earth
rCold   . . .      Faith    .   (no shield)
rNeg    + . .      Spirit   .   b - +0 robe
rPois   ∞          Reflect  .   (no helmet)
rElec   +          Harm     .   l - +0 cloak
rCorr   .          Rampage  .   (no gloves)
Will    .....                   (no boots)
Stlth   ++........              (no amulet)
HPRegen 0.08/turn               (no ring)
MPRegen 0.11/turn               (no ring)

@: no status effects
A: sickness immunity, AC +3, negative energy resistance 1, electricity
resistance, torment resistance 1, petrification resistance
a: no special abilities


You were on level 3 of the Dungeon.
You visited 1 branch of the dungeon, and saw 3 of its levels.

You collected 89 gold pieces.

Inventory:

Hand Weapons
 i - a +1 dagger of electrocution
Missiles
 s - 61 stones
Armour
 b - a +0 robe (worn)
 l - a +0 cloak (worn)
Magical Staves
 f - a staff of earth (weapon)
Scrolls
 c - a scroll of silence {unknown}
 d - a scroll of amnesia {unknown}
 e - a scroll of summoning {unknown}
 h - a scroll of holy word {unknown}
 k - a scroll of identify {unknown}
Potions
 a - a potion of magic {unknown}
 g - a potion of lignification {unknown}
 j - a potion of curing {unknown}
 m - a potion of invisibility {unknown}


   Skills:
 + Level 0.1 Fighting
 - Level 1.5 Dodging
 - Level 2.1 Stealth
 + Level 3.4 Spellcasting
 * Level 0.1 Conjurations
 - Level 0.7 Transmutations
 + Level 4.4 Earth Magic


You had 5 spell levels left.
You knew the following spells:

 Your Spells              Type           Power      Damage    Failure   Level
a - Sandblast             Erth           56%        2d13      2%          1
x - Stone Arrow           Conj/Erth      32%        3d9       19%         3

Your spell library contained the following spells:

 Spells                   Type           Power      Damage    Failure   Level
 Passwall                 Tmut/Erth      15%        N/A       9%          2
 Animate Skeleton         Necr           6%         N/A       16%         1
 Apportation              Tloc           6%         N/A       16%         1
 Summon Small Mammal      Summ           12%        N/A       16%         1
 Petrify                  Tmut/Erth      18%        N/A       47%         4


Dungeon Overview and Level Annotations

Branches:
Dungeon (3/15)

Altars:
Gozag

Annotations:
D:3 2 transporters, Terence; diceflayer's ghost, amateur MiFi


Innate Abilities, Weirdness & Mutations

You are immune to sickness and miasma.
Your stone body is resilient. (AC +3)
You are immune to poison.
You resist negative energy. (rN+)
You are resistant to electric shocks. (rElec)
You are resistant to unholy torment.
You are immune to petrification.


Message History

Press: ? - help, Shift-Dir - straight line, f/p - Terence
Aim: Terence, wielding a +2 short sword of venom and wearing a +2 chain mail of fire resistance (86% to hit)
You feel a surge of power!
The blast of sand hits Terence.
Terence is lightly wounded.
Casting: Sandblast (safe; 2% risk of failure)
Confirm with . or Enter, or press ? or * to list all spells.
Aiming: Sandblast (safe; 2% risk of failure)
Press: ? - help, Shift-Dir - straight line, f/p - Terence
Aim: Terence, wielding a +2 short sword of venom and wearing a +2 chain mail of fire resistance (lightly wounded, 86% to hit)
You feel a surge of power!
The blast of sand hits Terence.
Terence is moderately wounded.
Casting: Sandblast (safe; 2% risk of failure)
Confirm with . or Enter, or press ? or * to list all spells.
Aiming: Sandblast (safe; 2% risk of failure)
Press: ? - help, Shift-Dir - straight line, f/p - Terence
Aim: Terence, wielding a +2 short sword of venom and wearing a +2 chain mail of fire resistance (moderately wounded, 86% to hit)
You feel a surge of power!
The blast of sand hits Terence.
Terence is heavily wounded.
Terence hits you with a +2 short sword of venom.
Casting: Sandblast (safe; 2% risk of failure)
Confirm with . or Enter, or press ? or * to list all spells.
Aiming: Sandblast (safe; 2% risk of failure)
Press: ? - help, Shift-Dir - straight line, f/p - Terence
Aim: Terence, wielding a +2 short sword of venom and wearing a +2 chain mail of fire resistance (heavily wounded, 86% to hit)
You feel a surge of power!
Terence is heavily wounded.
Terence hits you with a +2 short sword of venom.
* * * LOW HITPOINT WARNING * * *
You hit Terence.
Terence is heavily wounded.
Terence hits you with a +2 short sword of venom.
* * * LOW HITPOINT WARNING * * *
You barely miss Terence.
Terence is heavily wounded.
Terence hits you with a +2 short sword of venom.
* * * LOW HITPOINT WARNING * * *
You hit Terence but do no damage. You punch Terence.
Terence is severely wounded.
Terence hits you with a +2 short sword of venom.
You die...

.. ##.....## #...##
...#.8...8.# ######
...#.......###############
......_..................
..#.......###############
...#.8...8.#####.# #< ##
##.....##.....# #.
###.###o.....# #.
#..@@g...... ..
##########.. ... ....
..... ......


You could see Terence, an orc and a hobgoblin.

Vanquished Creatures
  An adder (D:2)
  3 worms (D:2)
  A dart slug (D:2)
  4 ball pythons
  4 bats
  4 endoplasms
  2 giant cockroaches (D:1)
  7 goblins
  2 hobgoblins
  2 quokkas
  3 frilled lizards
  4 kobolds
  4 rats
41 creatures vanquished.

Notes
Turn   | Place    | Note
-------+----------+-------------------------------------------
     0 | D:1      | Lathuz the Gargoyle Earth Elementalist began the quest for
                  | the Orb.
     0 | D:1      | Reached XP level 1. HP: 10/10 MP: 3/3
   426 | D:1      | Reached XP level 2. HP: 11/15 MP: 3/5
  1021 | D:1      | Reached skill level 4 in Earth Magic
  1182 | D:1      | Found a faded altar of an unknown god.
  1592 | D:2      | Reached XP level 3. HP: 18/19 MP: 1/7
  1659 | D:2      | Learned a level 3 spell: Stone Arrow
  2348 | D:2      | Reached XP level 4. HP: 24/24 MP: 7/9
  2598 | D:3      | Noticed diceflayer's ghost (amateur MiFi)
  2598 | D:3      | Found a transporter.
  2598 | D:3      | Found a transporter.
  2646 | D:3      | Found an opulent altar of Gozag.
  2692 | D:3      | Noticed Terence
  2710 | D:3      | Slain by Terence

Illustrated notes

Levels and vault maps discovered:
D:1:      eino_arrival_druids_welcome, layout_loops_corners,
          chequers_ecumenical_altar_lobes, st_stairs_9, minmay_hedge_maze
D:2:      layout_basic, kennysheep_generic_room_9
D:3:      layout_basic, amcnicky_altar_gilded, elyvilon_altar_3,
          nicolae_overflow_ecumenical_swirl, grunt_gozag_statues,
          gammafunk_ghost_arena, serial_shops,
          nicolae_shop_bloodbath_and_beyond,
          nicolae_concentric_dashed_squares_wild, uniq_terence

Skill      XL: |  1  2  3 |
---------------+----------+-----
Earth Magic    | 4 |  4.4
Spellcasting   | 3 |  3.4
Fighting       | |  0.1
Dodging        | |  1.5
Stealth        | |  2.1
Conjurations   | |  0.1
Transmutations | |  0.7

Action                   |  1- 3 |  4- 6 || total
-------------------------+-------+-------++-------
Melee: Unarmed           |    31 |       ||    31
       Dagger            |    34 |       ||    34
       Staff             |    22 |     8 ||    30
       Punch             |     1 |     1 ||     2
 Cast: Sandblast         |    41 |    15 ||    56
 Stab: Sleeping          |     2 |       ||     2
Armor: Robe              |    40 |     5 ||    45
Dodge: Dodged            |    73 |     9 ||    82
